 Dungeon Crawl Stone Soup version 0.16-a0-1132-gad589c6 (webtiles) character file.

311 RobertPalmer the Chopper (level 6, 0/58 HPs)
             Began as an Octopode Gladiator on Oct 7, 2014.
             Succumbed to an adder's poison
             ... on level 4 of the Dungeon.
             The game lasted 00:07:43 (4220 turns).

RobertPalmer the Chopper (Octopode Gladiator)       Turns: 4220, Time: 00:07:43

Health: 0/58       AC: 23    Str: 19    XL:     6   Next: 42%
Magic:  6/6        EV:  2    Int: 13    God:
Gold:   129        SH:  0    Dex: 12    Spells: 0 memorised, 5 levels left

rFire  . . .     SeeInvis .     a - +0 war axe
rCold  . . .     Clarity  .     (no shield)
rNeg   + + +     SustAb   .     c - melded +0 hat
rPois  +         Gourm    .     (no amulet)
rElec  .         Spirit   .     y - ring of protection from magic
rCorr  .         Warding  .     (no ring)
rMut   .         NoTele   +     (ring currently unavailable)
MR     +....                    (ring currently unavailable)
Stlth  +.........               (ring currently unavailable)
                                (ring currently unavailable)
                                (ring currently unavailable)
                                (ring currently unavailable)

@: confused, mighty, lethally poisoned, tree-form, very slightly contaminated,
hasted, drained, very quick, somewhat resistant to hostile enchantments, very
unstealthy
A: almost no armour, amphibious, (8 rings), (constrict 8), (camouflage 0),
(gelatinous body 0)
a: no special abilities


You were on level 4 of the Dungeon.
You were very hungry.
You were a tree.
You visited 1 branch of the dungeon, and saw 4 of its levels.

You collected 129 gold pieces.


Innate Abilities, Weirdness & Mutations

You cannot wear most types of armour.
You are amphibious.
((You can wear up to eight rings at the same time.))
((You can use your tentacles to constrict many enemies at once.))
((Your skin changes colour to match your surroundings (Stealth).))
((Your rubbery body absorbs attacks (AC +1).))


   Skills:
 - Level 2.0(1.7) Fighting
 + Level 7.0(6.7) Axes
 - Level 2.0(1.7) Throwing
 - Level 3.0(2.6) Dodging


You had 5 spell levels left.
You didn't know any spells.

Inventory:

Hand weapons
 a - a +0 war axe (weapon)
 t - a +0 blowgun
Missiles
 d - 3 throwing nets (quivered)
 u - 10 poisoned needles
Armour
 c - a +0 hat (melded)
Magical devices
 r - a wand of random effects (31)
 x - a wand of magic darts (27)
 A - a wand of draining (6)
Comestibles
 f - 3 bread rations
 g - 5 meat rations
 n - a slice of pizza
Scrolls
 b - a scroll of teleportation {unknown}
 h - 2 scrolls of identify
 j - 2 scrolls of remove curse {unknown}
 k - a scroll of amnesia {unknown}
 l - 2 scrolls of magic mapping {unknown}
 q - a scroll of enchant armour {unknown}
 s - a scroll of enchant weapon {unknown}
 v - a scroll of recharging {unknown}
Jewellery
 y - a ring of protection from magic (left branch)
Potions
 i - a potion of curing {unknown}
 o - a potion of invisibility {unknown}

Dungeon Overview and Level Annotations

Branches:
Dungeon (4/15)
 Temple: D:4-7

Altars:
Cheibriados
Nemelex Xobeh
Qazlal
The Shining One

### #.. ####.. ###
#..... #.##### #.....
##.#...#######.....
##....#............/
#...####........####
#.#♣# #.#.......#.#.
+..>S...#.#.......#.#
#.##.##.##.#......)..
.. .... ###.#........
## ..##.# ##.#.......
##.##.# ##.#......
.....######.#..[#.
###
#.##.......#.#####
#.# .....# ###.#...#.


You could see an adder.


Message History

Drink which item? (? for menu, Esc to quit)
You feel very buoyant.
You fly up into the air.
It was a potion of flight.
* * * LOW HITPOINT WARNING * * *
You feel sick. The adder bites you.
* * * LOW HITPOINT WARNING * * *
Drink which item? (? for menu, Esc to quit)
You turn into a tree.
Your roots penetrate the ground.
It was a potion of lignification.
* * * LOW HITPOINT WARNING * * *
You feel sick. The adder bites you but does no damage.
Drink which item? (? for menu, Esc to quit)
You feel yourself speed up.
It was a potion of haste.
* * * LOW HITPOINT WARNING * * *
You feel sick. The adder bites you but does no damage.
The adder bites you but does no damage.
You are very lightly contaminated with residual magic.
Drink which item? (? for menu, Esc to quit)
You feel refreshed.
It was a potion of restore abilities.
* * * LOW HITPOINT WARNING * * *
You feel sick.
Drink which item? (? for menu, Esc to quit)
You are confused.
It was a potion of confusion.
* * * LOW HITPOINT WARNING * * *
You feel sick. The adder bites you but does no damage.
Drink which item? (? for menu, Esc to quit)
You feel very mighty all of a sudden.
It was a potion of might.
You die...

Action                   |  1- 3 |  4- 6 || total
-------------------------+-------+-------++-------
Melee: War axe           |    68 |    97 ||   165
Throw: Throwing net      |     1 |       ||     1
  Use: Potion            |       |     6 ||     6
       Scroll            |       |     1 ||     1
 Stab: Sleeping          |     3 |     5 ||     8
  Eat: Chunk             |     2 |     7 ||     9

Vault maps used:
D:1:      ncdulo_smallfort, minmay_crystal_water, lemuel_another_geyser
D:2:      first_bread, grunt_decor_arrowhead, grunt_ministairs_9, uniq_terence
D:4:      wad_pebble_path, grunt_temple_overflow_cloverleaf

Notes
Turn   | Place    | Note
--------------------------------------------------------------
     0 | D:1      | RobertPalmer, the Octopode Gladiator, began the quest for the Orb.
     0 | D:1      | Reached XP level 1. HP: 14/14 MP: 1/1
    83 | D:1      | Reached XP level 2. HP: 12/19 MP: 2/2
   693 | D:2      | Reached skill level 4 in Axes
   830 | D:2      | Reached XP level 3. HP: 20/24 MP: 3/3
   914 | D:2      | HP: 2/24 [poisoned by an adder]
  1533 | D:2      | Noticed Terence
  1539 | D:2      | Killed Terence
  1539 | D:2      | Reached XP level 4. HP: 29/29 MP: 4/4
  1615 | D:2      | Reached skill level 5 in Axes
  2580 | D:3      | Reached XP level 5. HP: 21/34 MP: 5/5
  2820 | D:3      | Reached skill level 6 in Axes
  3244 | D:4      | Reached XP level 6. HP: 32/39 MP: 6/6
  3496 | D:4      | Found a snail-covered altar of Cheibriados.
  3717 | D:4      | Found a glowing golden altar of the Shining One.
  3722 | D:4      | Found a stormy altar of Qazlal.
  3725 | D:4      | Found a sparkling altar of Nemelex Xobeh.
  4008 | D:4      | Reached skill level 7 in Axes
  4216 | D:4      | HP: 4/58 [poisoned by an adder]
  4219 | D:4      | HP: 1/58 [poisoned by an adder]
  4220 | D:4      | Succumbed to an adder's poison

Vanquished Creatures
  An orc priest (D:3)
  A hound (D:4)
  A centaur skeleton (D:4)
  An orc wizard (D:3)
  3 worker ants (D:4)
  Terence (D:2)
  4 adders
  A giant mite (D:2)
  A worm (D:4)
  3 giant geckos
  4 orcs
  A ball python (D:3)
  A bat skeleton (D:4)
  5 giant cockroaches
  7 goblins
  10 hobgoblins
  3 jackals (D:2)
  2 quokkas
  5 bats
  2 giant newts
  8 kobolds
  A kobold skeleton (D:3)
  11 rats
77 creatures vanquished.
